 Dungeon Crawl Stone Soup version 0.26.1-2-gb8aa6d0cf2 (webtiles) character file.

Game seed: 13957691981200733665

120 xitpu the Slasher (level 4, 0/34 HPs)
             Began as a Demonspawn Gladiator on Feb 24, 2021.
             Was a Follower of Trog.
             Slain by a worm (2 damage)
             ... on level 3 of the Dungeon.
             The game lasted 00:17:54 (3717 turns).

xitpu the Slasher (Demonspawn Gladiator)            Turns: 3717, Time: 00:17:54

Health: 0/34       AC: 13    Str: 15    XL:     4   Next: 75%
Magic:  4/4        EV:  5    Int: 10    God:    Trog [*.....]
Gold:   127        SH:  0    Dex: 14    Spells: 3/3 levels left

rFire    . . .     SeeInvis .   a - +0 long sword
rCold    . . .     Faith    .   (no shield)
rNeg     . . .     Spirit   .   k - +0 plate armour
rPois    .         Reflect  .   c - +0 helmet
rElec    .         Harm     .   (no cloak)
rCorr    .         Rampage  .   T - +1 pair of gloves
Will     .....                  (no boots)
Stlth    ..........             (no amulet)
HPRegen  0.11/turn              (no ring)
MPRegen  0.09/turn              (no ring)

@: no status effects
A: powered by death 1
a: Renounce Religion, Berserk


You were on level 3 of the Dungeon.
You worshipped Trog.
Trog was aware of your devotion.
You visited 1 branch of the dungeon, and saw 3 of its levels.

You collected 127 gold pieces.

Inventory:

Hand Weapons
 a - a +0 long sword (weapon)
 h - a +0 short sword
 o - a +0 dagger
 r - a +0 club
 u - a +0 dagger
 v - a +0 dagger
 w - a cursed -1 club
 x - a +0 short sword
 y - a +0 short sword
 D - a +0 dagger
 E - a +0 short sword
 F - a +0 short sword
 G - a +0 dagger
 I - a +0 hunting sling
 L - a +0 club
 M - a +0 whip
 N - a +0 whip
 P - a +0 hand axe
Missiles
 d - 3 throwing nets (quivered)
 g - 49 arrows
 q - 97 stones
 J - 21 bolts
Armour
 b - a +0 leather armour
 c - a +0 helmet (worn)
 f - a +0 ring mail
 k - a +0 plate armour (worn)
 n - a +0 leather armour
 A - a +0 scale mail
 Q - a +0 robe
 T - a +1 pair of gloves (worn)
 W - a +0 barding
Jewellery
 K - a cursed ring of teleportation {unknown}
 O - an uncursed ring of poison resistance
Scrolls
 e - 3 scrolls of fog {unknown}
 i - 5 scrolls of identify {unknown}
 j - a scroll of fear {unknown}
 m - a scroll of enchant armour {unknown}
 B - 2 scrolls of amnesia {unknown}
 C - 3 scrolls of remove curse {unknown}
 R - a scroll of random uselessness {unknown}
 S - a scroll of immolation {unknown}
 U - a scroll of magic mapping {unknown}
 V - 2 scrolls of enchant weapon {unknown}
Potions
 l - a potion of curing {unknown}
 p - 2 potions of attraction {unknown}
 s - a potion of cancellation {unknown}
 t - a potion of invisibility {unknown}
 z - a potion of lignification {unknown}
 H - 2 potions of resistance {unknown}
 X - a potion of flight {unknown}


   Skills:
 + Level 2.8 Fighting
 + Level 4.0 Long Blades
 + Level 1.8 Throwing
 + Level 1.7 Armour
 + Level 2.8 Dodging


You had 3 spell levels left.
You didn't know any spells.
Your spell library was empty.

Dungeon Overview and Level Annotations

Branches:
Dungeon (3/15)

Altars:
Dithmenos
Trog


Innate Abilities, Weirdness & Mutations

You regenerate a little health from kills.


Message History

The worm is moderately wounded.
The worm bites you.
* * * LOW HITPOINT WARNING * * *
You hit the worm.
The worm is heavily wounded.
The worm bites you.
* * * LOW HITPOINT WARNING * * *
You hit the worm.
The worm is heavily wounded.
The worm bites you but does no damage.
You hit the worm.
The worm is severely wounded.
You hit the worm.
The worm is almost dead.
The worm bites you.
* * * LOW HITPOINT WARNING * * *
You hit the worm.
The worm is almost dead.
The worm bites you.
You die...

#.# #.....
#.##### #...##
#.....# ######
#####.# #.# #.#
#.# #########.#
#.# .#.
.......w@.# #.#
... ###########
#.# #.# ##
#######.# #.#
#.. ......#.###
#.# #.#
#.>.......# #.#
#.####.###.#.#.#
#.##.##########
#..........#....
#.#...........#
#..###.###...###
#.#..########.#
#..# #.# #...# #


You could see a worm.

Vanquished Creatures
  3 adders
  A howler monkey skeleton (D:3)
  2 worms
  3 dart slugs (D:1)
  2 leopard geckos (D:2)
  A ball python (D:1)
  7 giant cockroaches
  5 goblins
  7 hobgoblins
  4 jackals (D:3)
  10 kobolds
  7 bats
  10 frilled lizards
  6 rats
68 creatures vanquished.

Notes
Turn   | Place    | Note
-------+----------+-------------------------------------------
     0 | D:1      | xitpu the Demonspawn Gladiator began the quest for the Orb.
     0 | D:1      | Reached XP level 1. HP: 16/16 MP: 1/1
   157 | D:1      | Reached skill level 3 in Long Blades
   160 | D:1      | Gained mutation: You regenerate a little health from kills.
                  | [demonic ancestry]
   160 | D:1      | Reached XP level 2. HP: 15/22 MP: 2/2
   826 | D:1      | Reached XP level 3. HP: 25/27 MP: 3/3
  1328 | D:2      | Found a bloodstained altar of Trog.
  1339 | D:2      | Became a worshipper of Trog the Wrathful
  1651 | D:2      | Reached skill level 1 in Armour
  2019 | D:2      | Reached XP level 4. HP: 32/34 MP: 4/4
  3124 | D:3      | Reached * piety under Trog
  3292 | D:3      | Found a shadowy altar of Dithmenos.
  3308 | D:3      | Reached skill level 4 in Long Blades
  3717 | D:3      | Slain by a worm

Illustrated notes

Levels and vault maps discovered:
D:1:      nicolae_arrival_memento_mori, layout_basic, st_stairs_3
D:2:      layout_rooms, lightli_temple_of_fire
D:3:      layout_loops_ring, amcnicky_altar_gilded

Skill      XL: |  1  2  3  4 |
---------------+-------------+-----
Long Blades    | 3 4 |  4.0
Armour         | 1 |  1.7
Fighting       | |  2.8
Throwing       | |  1.8
Dodging        | |  2.8

Action                   |  1- 3 |  4- 6 || total
-------------------------+-------+-------++-------
Melee: Long sword        |   155 |    85 ||   240
Throw: Throwing net      |     1 |       ||     1
Armor: Leather armour    |    11 |       ||    11
       Plate armour      |   146 |    77 ||   223
Dodge: Dodged            |    76 |    23 ||    99
       Rpst.: Long sword |    27 |     6 ||    33
